 Dungeon Crawl Stone Soup version 0.32-a0-685-g93135e86f0 (webtiles) character file.

Game seed: 937869194134092891

297 pokeman the Magician (level 6, -12/34 HPs)
             Began as a Deep Elf Hedge Wizard on Mar 13, 2024.
             Mangled by an iguana (14 damage)
             ... on level 4 of the Dungeon.
             The game lasted 00:05:54 (3354 turns).

pokeman the Magician (Deep Elf Hedge Wizard)        Turns: 3354, Time: 00:05:54

Health: -12/34     AC:  2    Str:  7    XL:     6   Next: 12%
Magic:  2/17       EV: 13    Int: 21    God:
Gold:   170        SH:  0    Dex: 14    Spells: 7/18 levels left

rFire   . . .        r - +1 dire flail (heavy)
rCold   . . .        (shield currently unavailable)
rNeg    . . .        b - +0 robe
rPois   .            c - +0 hat
rElec   .            (no cloak)
rCorr   .            (no gloves)
SInv    .            (no boots)
Will    .....        (no amulet)
Stlth   ++           n - ring of flight
HPRegen 0.25/turn    (no ring)
MPRegen 0.15/turn

%: no passive effects
@: flying, very slightly contaminated
A: no striking features
a: no special abilities


You were on level 4 of the Dungeon.
You visited 1 branch of the dungeon, and saw 4 of its levels.

You collected 170 gold pieces.

Inventory:

Hand Weapons
 r - a +1 heavy dire flail (weapon)
Armour
 b - a +0 robe (worn)
 c - a +0 hat (worn)
Jewellery
 n - a ring of flight (left hand)
 q - an amulet of faith
Wands
 s - a wand of digging (1)
Scrolls
 a - a scroll of torment {unknown}
 g - a scroll of poison {unknown}
 h - a scroll of immolation {unknown}
 i - 2 scrolls of identify {unknown}
 k - a scroll of brand weapon {unknown}
 l - a scroll of amnesia {unknown}
 m - 2 scrolls of enchant weapon {unknown}
 p - a scroll of fear {unknown}
Potions
 d - a potion of magic
 e - a potion of lignification {unknown}
 f - 3 potions of curing {unknown}
 j - 2 potions of haste {unknown}
 o - a potion of might {unknown}


   Skills:
 - Level 1.0 Fighting
 - Level 1.0 Armour
 - Level 3.0 Dodging
 - Level 3.2 Stealth
 * Level 6.6 Spellcasting
 + Level 3.0 Conjurations
 - Level 1.1 Summonings
 - Level 1.1 Translocations
 + Level 1.0 Ice Magic
 + Level 0.9 Air Magic
 + Level 1.4 Alchemy
 + Level 0.9 Evocations


You had 7 spell levels left.
You knew the following spells:

 Your Spells              Type           Power      Damage    Failure   Level
a - Magic Dart            Conj           76%        1d6       2%          1
b - Mephitic Cloud        Conj/Alch/Air  14%        N/A       13%         3
c - Call Imp              Summ           22%        N/A       9%          2
d - Blink                 Tloc           22%        N/A       9%          2
e - Hailstorm             Conj/Ice       15%        3d6       12%         3

Your spell library contained the following spells:

 Spells                   Type           Power      Damage    Failure   Level
 Freeze                   Ice            44%        1d6       6%          1
 Static Discharge         Conj/Air       30%        3-5/arc   6%          2
 Slow                     Hex            24%        N/A       10%         1
 Cigotuvi's Dreadful Rot  Necr/Alch/Air  20%        N/A       10%         2
 Sublimation of Blood     Necr           6%         N/A       14%         2
 Frozen Ramparts          Ice            22%        1d4       19%         3
 Airstrike                Air            5%         2d(1-17)  52%         4
 Summon Lightning Spire   Summ/Air       11%        N/A       52%         4
 Summon Hydra             Summ           5%         N/A       100%        7


Dungeon Overview and Level Annotations

Branches:
Dungeon (4/15)
 Temple: D:4-7

Altars:


Message History

Your cerulean imp hits the iguana from afar with a -3 spear.
The iguana bites you!
You closely miss the iguana.
The iguana is lightly wounded.
Your cerulean imp misses the iguana.
The iguana misses you. x2
Your cerulean imp barely misses the iguana.
The iguana barely misses you.
Your cerulean imp barely misses the iguana.
Your magical contamination has completely faded away.
There is an open door here.
You swap places.
Your cerulean imp disappears in a puff of smoke!
You barely miss the iguana.
The iguana is lightly wounded.
The iguana bites you. The iguana barely misses you.
Casting: Magic Dart (safe; 2% risk of failure)
Confirm with . or Enter, or press ? or * to list all spells.
Aiming: Mephitic Cloud (quite dangerous; 13% risk of failure)
Press: ? - help, Shift-Dir - straight line, f/p - iguana
Aim: an iguana (lightly wounded, chance to affect: 86%)
You miscast Mephitic Cloud.
You are very lightly contaminated with residual magic.
Nothing appears to happen.
The iguana misses you.
Casting: Mephitic Cloud (quite dangerous; 13% risk of failure)
Confirm with . or Enter, or press ? or * to list all spells.
You don't have enough magic to cast this spell.
Unknown command.
You barely miss the iguana.
The iguana is lightly wounded.
The iguana bites you. The iguana bites you!
* * * LOW HITPOINT WARNING * * *
Unknown command.
Okay, then.
Unknown command.
The iguana attacks as it pursues you! The iguana bites you.
* * * LOW HITPOINT WARNING * * *
The iguana attacks as it pursues you! The iguana bites you.
* * * LOW HITPOINT WARNING * * *
The iguana attacks as it pursues you! The iguana bites you!
You die...

#.......+
#.†.....#
#...##..#
#...# ###
#...# ##<.#
##..# #...##
#.@..# #.l..#
#...####+##
##.O##....##..
##..##...$.)..
#....').......
#....#........
#....#..#....#
##...#### ####


You could see an ogre and an iguana.

Vanquished Creatures
  Edmund (D:4)
  A scorpion (D:4)
  3 gnolls (D:2)
  3 adders
  4 dart slugs
  4 orcs
  2 endoplasms
  4 giant cockroaches
  8 goblins
  A hobgoblin (D:4)
  2 jackals (D:1)
  4 quokkas
  3 ball pythons
  3 bats
  4 frilled lizards
  2 kobolds
  A rat (D:1)
50 creatures vanquished.

Vanquished Creatures (collateral kills)
  An orc (D:2)
1 creature vanquished.

Grand Total: 51 creatures vanquished

Notes
Turn   | Place    | Note
-------+----------+-------------------------------------------
     0 | D:1      | pokeman the Deep Elf Hedge Wizard began the quest for the
                  | Orb.
     0 | D:1      | Reached XP level 1. HP: 10/10 MP: 7/7
   298 | D:1      | Found a faded altar of an unknown god.
   455 | D:1      | Reached XP level 2. HP: 16/16 MP: 6/9
  1243 | D:2      | Reached skill level 5 in Spellcasting
  1328 | D:2      | Reached XP level 3. HP: 20/20 MP: 9/11
  1332 | D:2      | Learned a level 3 spell: Mephitic Cloud
  1335 | D:2      | Learned a level 2 spell: Call Imp
  1338 | D:2      | Learned a level 2 spell: Blink
  1479 | D:2      | HP: 1/20 [gnoll/+0 spear (3)]
  1482 | D:2      | Reached skill level 1 in Fighting
  1482 | D:2      | Reached skill level 1 in Armour
  1815 | D:2      | Reached XP level 4. HP: 25/25 MP: 8/13
  1976 | D:2      | You fall into a shaft and drop 2 floors!
  2583 | D:3      | Learned a level 3 spell: Hailstorm
  3246 | D:4      | Noticed a scorpion
  3258 | D:4      | Killed a scorpion
  3259 | D:4      | Reached skill level 6 in Spellcasting
  3259 | D:4      | Reached XP level 5. HP: 29/29 MP: 8/15
  3319 | D:4      | Noticed Edmund
  3329 | D:4      | Killed Edmund
  3330 | D:4      | Reached skill level 1 in Ice Magic
  3330 | D:4      | Reached skill level 1 in Alchemy
  3330 | D:4      | Reached XP level 6. HP: 22/34 MP: 5/17
  3354 | D:4      | Mangled by an iguana

Illustrated notes

Levels and vault maps discovered:
D:1:      psy_arrival_conway, layout_loops_ring, nicolae_ecumenical_lake_church,
          minmay_misc_feat_plants
D:2:      layout_basic
D:3:      layout_loops_ring
D:4:      layout_gridville, serial_shops, shop, uniq_edmund

Skill      XL: |  1  2  3  4  5 |
---------------+----------------+-----
Spellcasting   | 5 6 |  6.6
Fighting       | 1 |  1.0
Armour         | 1 |  1.0
Conjurations   | 2 3 |  3.0
Dodging        | 3 |  3.0
Stealth        | 3 |  3.2
Ice Magic      | 1 |  1.0
Alchemy        | 1 |  1.4
Summonings     | |  1.1
Translocations | |  1.1
Air Magic      | |  0.9
Evocations     | |  0.9

Action                     |  1- 3 |  4- 6 || total
---------------------------+-------+-------++-------
  Melee: Dagger            |     8 |     1 ||     9
         Dire flail        |       |     9 ||     9
   Cast: Magic Dart        |    78 |    69 ||   147
         Mephitic Cloud    |     2 |     3 ||     5
         Call Imp          |     1 |     2 ||     3
         Blink             |       |     1 ||     1
   Stab: Confused          |     4 |     2 ||     6
 Armour: Robe              |    12 |    10 ||    22
  Dodge: Dodged            |    17 |    13 ||    30

Table legend: (Time is in decaauts)
 A = Elapsed time spent in this place.
 B = Non-inter-level travel time spent in this place.
 C = Inter-level travel time spent in this place.
 D = Time resting spent in this place.
 E = Time spent auto-exploring this place.
 F = Levels seen in this place.
 G = Mean time per level.
                   A        B        C        D        E       F      G
               +--------+--------+--------+--------+--------+-----+--------+
         Total |   3367 |   3300 |     67 |     58 |   2850 |   4 |  841.8 |
       Dungeon |   3367 |   3300 |     67 |     58 |   2850 |   4 |  841.8 |
               +--------+--------+--------+--------+--------+-----+--------+

Top non-repeatable levels by time:
     D:2: 1218 daAuts
     D:1: 1018 daAuts
     D:3: 877 daAuts
     D:4: 254 daAuts
